 Dungeon Crawl Stone Soup version 0.22-a0-86-g94e0ad4 (webtiles) character file.

938 Kidiri the Thaumaturge (level 7, -2/38 HPs)
             Began as a Deep Elf Fire Elementalist on Jan 20, 2018.
             Shot with an arrow by a centaur (5 damage)
             ... on level 5 of the Dungeon.
             The game lasted 00:15:02 (6154 turns).

Kidiri the Thaumaturge (Deep Elf Fire Elementalist) Turns: 6154, Time: 00:15:02

Health: -2/38      AC:  5    Str:  9    XL:     7   Next: 87%
Magic:  12/20      EV: 13    Int: 22    God:
Gold:   289        SH:  0    Dex: 15    Spells: 4/22 levels left

rFire    . . .     SeeInvis .   j - +2 dagger (venom)
rCold    . . .     Gourm    .   (no shield)
rNeg     . . .     Faith    .   u - +0 leather armour of Virtue {Str+4}
rPois    .         Spirit   .   m - +0 helmet
rElec    .         Reflect  .   (no cloak)
rCorr    .         Harm     .   h - +0 pair of gloves
MR       .....                  (no boots)
Stlth    +.........             t - amulet of inaccuracy (curse)
HPRegen  0.12/turn              s - ring of loudness (curse)
MPRegen  0.17/turn              (no ring)

@: no status effects
A: no striking features
a: no special abilities


You were on level 5 of the Dungeon.
You were hungry.

You visited 1 branch of the dungeon, and saw 5 of its levels.
You also visited: Sewer.

You collected 289 gold pieces.

Inventory:

Hand Weapons
 d - a +1 dagger of speed
 j - a +2 dagger of venom (weapon)
Armour
 a - a +0 robe
 h - a +0 pair of gloves (worn)
 m - a +0 helmet (worn)
 u - the +0 leather armour of Virtue (worn) {Str+4}
   (You found it on level 4 of the Dungeon)

   It affects your strength (+4).
 y - a +0 large shield
Jewellery
 e - an uncursed ring of ice
 s - a cursed ring of loudness (left hand)
 t - a cursed amulet of inaccuracy (around neck)
Wands
 g - a wand of acid (5)
Scrolls
 l - 3 scrolls of teleportation
 v - a scroll of fog {unknown}
 w - a scroll of immolation {unknown}
Potions
 f - 4 potions of curing
 i - 2 potions of haste
 k - 2 potions of flight
 n - 2 potions of agility {unknown}
 o - 2 potions of brilliance {unknown}
 p - 2 potions of might {unknown}
 q - 3 potions of heal wounds {unknown}
Books
 b - a book of Flames

   Spells                             Type                      Level
   a - Flame Tongue                   Conjuration/Fire             1
   b - Throw Flame                    Conjuration/Fire             2
   c - Conjure Flame                  Conjuration/Fire             3
   d - Inner Flame                    Hexes/Fire                   3
   e - Sticky Flame                   Conjuration/Fire             4
   f - Fireball                       Conjuration/Fire             5
 x - a book of Maledictions

   Spells                             Type                      Level
   a - Corona                         Hexes                        1
   b - Ensorcelled Hibernation        Hexes/Ice                    2
   c - Confuse                        Hexes                        3
   d - Tukima's Dance                 Hexes                        3
   e - Dazzling Spray                 Conjuration/Hexes            3
Comestibles
 c - 8 rations
 r - 8 chunks of flesh


   Skills:
 + Level 1.3 Fighting
 + Level 1.8 Short Blades
 + Level 1.3 Armour
 + Level 3.4 Dodging
 - Level 2.4 Stealth
 + Level 0.0 Shields
 * Level 8.0 Spellcasting
 + Level 4.3 Conjurations
 + Level 5.4 Fire Magic


You had 4 spell levels left.
You knew the following spells:

 Your Spells              Type           Power        Failure   Level  Hunger
a - Flame Tongue          Conj/Fire      ####.        1%          1    None
b - Throw Flame           Conj/Fire      ####..       1%          2    None
c - Conjure Flame         Conj/Fire      ####....     4%          3    None
d - Inner Flame           Hex/Fire       ###.....     10%         3    None
e - Sticky Flame          Conj/Fire      ####....     14%         4    ###....
f - Fireball              Conj/Fire      ####......   36%         5    #####..


Dungeon Overview and Level Annotations

Branches:
Dungeon (5/15)
 Temple: D:4-7

Altars:
Sif Muna


Message History

Unknown command.
The centaur shoots an arrow.
The arrow hits you!
The centaur shoots an arrow.
The arrow hits you.
You see here an arrow.
The centaur shoots an arrow.
The arrow hits you!
* * * LOW HITPOINT WARNING * * *
You see here an arrow.
Okay, then.
Unknown command.
Casting: Conjure Flame
Confirm with . or Enter, or press ? or * to list all spells.
The spell is very dangerous to cast!
Continue anyway?
Aiming: Fireball
Press: ? - help, Shift-Dir - straight line The fireball explodes!
The fireball engulfs the centaur.
The centaur is heavily wounded.
You are feeling hungry.
The centaur shoots an arrow.
The arrow misses you.
The centaur shoots an arrow.
The arrow hits you.
You die...

...#.....'...................#...
...+.....#..............####'#...
...#.....#...#######....##...#...
...#.....#...#...≈≈≈≈≈≈≈≈≈...#...
...'.....#...#...≈##≈≈≈##≈...#...
...#.....#...#...≈#######≈...#...
...#.....#...#...≈≈#gg.#≈≈...####
...#.....#####..(((§gg$#≈≈...+...
...#............@≈≈#gg.#≈≈#'###..
...#.............≈## ####≈....###
...#.............≈# #≈.......
#..#.............≈≈≈≈≈≈≈≈≈.......
##############.....#....#........
#.....#....#........
#...c.#....#........ #.....#..
.#.....### ......# #######


You could see a gnoll sergeant, a centaur and 3 gnolls.

Vanquished Creatures
  An ogre (D:4)
  4 big kobolds (Sewer)
  Blork the orc (D:4)
  A scorpion (D:3)
  A crimson imp (D:5)
  An orc priest (D:4)
  An orc wizard (D:3)
  A bullfrog skeleton (D:4)
  Natasha (thrice) (D:2)
  Robin (D:2)
  9 gnolls
  4 adders
  3 oozes (Sewer)
  4 worms
  2 dart slugs
  4 leopard geckos
  8 orcs
  4 giant cockroaches
  10 goblins
  9 hobgoblins
  2 jackals (D:5)
  16 kobolds
  6 ball pythons
  6 bats
  4 frilled lizards
  A jackal skeleton (D:4)
  10 rats
117 creatures vanquished.

Notes
Turn   | Place    | Note
-------+----------+-------------------------------------------
     0 | D:1      | Kidiri the Deep Elf Fire Elementalist began the quest for the Orb.
     0 | D:1      | Reached XP level 1. HP: 10/10 MP: 6/6
   188 | D:1      | Reached XP level 2. HP: 15/15 MP: 4/8
   192 | D:1      | Learned a level 2 spell: Throw Flame
   718 | D:2      | Reached skill level 4 in Spellcasting
   749 | D:2      | Noticed Robin
   751 | D:2      | Reached XP level 3. HP: 16/19 MP: 8/10
   996 | D:1      | Learned a level 3 spell: Conjure Flame
  1000 | D:1      | Learned a level 3 spell: Inner Flame
  1365 | D:2      | Noticed Natasha
  1369 | D:2      | Killed Natasha
  1369 | D:2      | Reached XP level 4. HP: 14/24 MP: 6/12
  1813 | D:2      | Noticed Natasha
  1816 | D:2      | Killed Natasha
  1816 | D:2      | Reached skill level 5 in Spellcasting
  1824 | D:2      | Killed Robin
  1909 | D:2      | Learned a level 4 spell: Sticky Flame
  1919 | D:2      | Noticed Natasha
  1924 | D:2      | Killed Natasha
  1924 | D:2      | Reached XP level 5. HP: 28/28 MP: 6/15
  2509 | D:3      | Reached skill level 6 in Spellcasting
  2955 | D:3      | Reached XP level 6. HP: 32/32 MP: 11/17
  3403 | D:4      | Found a deep blue altar of Sif Muna.
  3665 | D:4      | Found a glowing drain.
  3666 | D:4      | Reached skill level 7 in Spellcasting
  3674 | Sewer    | Entered a sewer
  3760 | Sewer    | Learned a level 5 spell: Fireball
  3990 | Sewer    | Reached skill level 5 in Fire Magic
  4104 | Sewer    | Reached XP level 7. HP: 37/37 MP: 1/19
  4292 | Sewer    | Reached skill level 1 in Short Blades
  4301 | Sewer    | Reached skill level 1 in Fighting
  4301 | Sewer    | Reached skill level 1 in Armour
  4904 | D:4      | Noticed Blork the orc
  4910 | D:4      | Killed Blork the orc
  5024 | D:4      | Got a faintly glowing leather armour
  5035 | D:4      | Identified the +0 leather armour of Virtue {Str+4} (You found it on level 4 of the Dungeon)
  6001 | D:5      | Entered Level 5 of the Dungeon
  6013 | D:5      | Reached skill level 8 in Spellcasting
  6154 | D:5      | Shot with an arrow by a centaur

Vault maps used:
D:1:      mrwooster_arrival_arrow, minmay_misc_feat_tiny, feat_on_display
D:2:      uniq_robin, uniq_natasha
D:3:      first_ration
D:4:      lemuel_round_altar, portal_sewer_entry_e, uniq_blork_the_orc
D:5:      lightli_minifort
Sewer:    kennysheep_pipe_town

Skill      XL: |  1  2  3  4  5  6  7 |
---------------+----------------------+-----
Spellcasting   | 4 5 6 7 8 |  8.0
Conjurations   | 2 3 4 |  4.3
Fire Magic     | 4 5 |  5.4
Short Blades   | 1 |  1.8
Dodging        | 3 |  3.4
Fighting       | 1 |  1.3
Armour         | 1 |  1.3
Stealth        | |  2.4

Action                   |  1- 3 |  4- 6 |  7- 9 || total
-------------------------+-------+-------+-------++-------
Melee: Club              |     6 |       |       ||     6
       Short sword       |     3 |       |       ||     3
       Dagger            |     1 |    15 |     5 ||    21
 Cast: Flame Tongue      |    54 |    75 |    39 ||   168
       Throw Flame       |     5 |    26 |     1 ||    32
       Conjure Flame     |       |     4 |     5 ||     9
       Inner Flame       |       |     1 |     4 ||     5
       Fireball          |       |     3 |     3 ||     6
       Sticky Flame      |       |     1 |     1 ||     2
Evoke: Wand              |       |       |     3 ||     3
  Use: Scroll            |       |     4 |     1 ||     5
 Stab: Sleeping          |     1 |     1 |       ||     2
       Distracted        |       |     1 |       ||     1
  Eat: Chunk             |     1 |     9 |     4 ||    14
       Ration            |       |       |     1 ||     1
Armor: Robe              |     8 |     8 |     2 ||    18
       Leather armour    |       |       |     4 ||     4
Dodge: Dodged            |    25 |    28 |    11 ||    64

Table legend:
 A = Spawn XP
 B = Non-spawn XP
 C = Spawn XP percentage of total XP
 D = Spawn monster count
 E = Non-spawn monster count
 F = Spawn count percentage of total count
 G = Total turns spent on level
                    A         B        C        D         E        F      G
               +---------+---------+-------+---------+---------+-------+---------
         Total |       0 |    1340 |   0.0 |       0 |     117 |   0.0 |  6154
               +---------+---------+-------+---------+---------+-------+---------
           D:1 |       0 |      24 |   0.0 |       0 |      12 |   0.0 |   916
           D:2 |       0 |     181 |   0.0 |       0 |      29 |   0.0 |   980
           D:3 |       0 |     212 |   0.0 |       0 |      22 |   0.0 |  1531
           D:4 |       0 |     430 |   0.0 |       0 |      26 |   0.0 |  1655
           D:5 |       0 |      58 |   0.0 |       0 |       4 |   0.0 |   153
         Sewer |       0 |     435 |   0.0 |       0 |      24 |   0.0 |   919
               +---------+---------+-------+---------+---------+-------+---------
